 Dungeon Crawl Stone Soup version 0.25.1-8-g42b30a86e7 (webtiles) character file.

Game seed: 6445268030301127634

268 MajorAdolf the Sneak (level 6, 0/56 HPs)
             Began as a Naga Wanderer on Dec 20, 2020.
             Slain by a gnoll
             ... wielding a +0 spear
              (6 damage)
             ... on level 4 of the Dungeon.
             The game lasted 00:05:51 (4632 turns).

MajorAdolf the Sneak (Naga Wanderer)                Turns: 4632, Time: 00:05:53

Health: 0/56       AC:  6    Str: 18    XL:     6   Next: 21%
Magic:  6/6        EV:  9    Int: 10    God:
Gold:   136        SH:  0    Dex: 11    Spells: 5/5 levels left

rFire    + . .     SeeInvis +   v - +3 dagger
rCold    + . .     Gourm    .   (no shield)
rNeg     . . .     Faith    .   r - +2 robe {rC+ rF+}
rPois    +         Spirit   .   (no helmet)
rElec    .         Reflect  .   q - +0 cloak
rCorr    .         Harm     .   (no gloves)
MR       .....                  (no barding)
Stlth    +++.......             (no amulet)
HPRegen  0.18/turn              (no ring)
MPRegen  0.10/turn              (no ring)

@: short of breath, very slow
A: large, see invisible, deformed body, poison resistance, slowness 2, slow
metabolism 1, spit poison 1, AC +2
a: Spit Poison


You were on level 4 of the Dungeon.
You were hungry.

You visited 1 branch of the dungeon, and saw 4 of its levels.

You collected 136 gold pieces.

Inventory:

Hand Weapons
 a - a +2 flail of holy wrath
 n - a cursed -1 hand axe
 v - a +3 dagger (weapon)
Missiles
 k - 10 poisoned darts (quivered)
Armour
 m - a +0 robe
 q - a +0 cloak (worn)
 r - a +2 robe of resistance (worn)
Jewellery
 c - an uncursed ring of flight {unknown}
 w - an uncursed amulet of magic regeneration {unknown}
Wands
 d - a wand of random effects (14)
 t - a wand of polymorph (9)
Scrolls
 g - a scroll of enchant armour {unknown}
 h - 2 scrolls of identify {unknown}
 i - 2 scrolls of teleportation {unknown}
 j - a scroll of fear {unknown}
 s - a scroll of blinking {unknown}
 u - a scroll of enchant weapon {unknown}
Potions
 b - 3 potions of haste
 e - 3 potions of cancellation {unknown}
 l - 2 potions of invisibility {unknown}
 o - a potion of flight {unknown}
 p - a potion of curing {unknown}
 x - a potion of degeneration {unknown}
Comestibles
 f - 7 rations


   Skills:
 - Level 3.0 Fighting
 + Level 4.1(4.2) Short Blades
   Level 1.0(2.7) Long Blades
 - Level 2.4 Armour
 + Level 7.1 Stealth
 - Level 1.0 Evocations


You had 5 spell levels left.
You didn't know any spells.
Your spell library was empty.

Dungeon Overview and Level Annotations

Branches:
Dungeon (4/15)
 Temple: D:4-7

Altars:
Ashenzari


Innate Abilities, Weirdness & Mutations

You cannot wear boots.
Your serpentine skin is tough. (AC +2)
You have supernaturally acute eyesight. (SInv)
Armour fits poorly on your strangely shaped body.
Your system is resistant to poisons. (rPois)
You cover ground very slowly.
You have a slow metabolism.
You can spit poison.


Message History

Aim: a gnoll shaman, wielding a +0 whip and wearing a +0 leather armour The splash of poison hits the gnoll shaman.
The gnoll shaman is poisoned.
The gnoll shaman is lightly wounded.
You feel slightly more hungry. The gnoll hits you but does no damage.
The gnoll shaman hits you but does no damage.
The gnoll hits you from afar with a +0 halberd!
The gnoll closely misses you.
Unknown command.
Evoke which item? (* to show all) (? for menu, Esc to quit)
Aiming: Random Effects
Press: ? - help, Shift-Dir - straight line, f/p - gnoll shaman
Aim: a gnoll shaman, wielding a +0 whip and wearing a +0 leather armour (lightly wounded, poisoned)
The gnoll shaman resists with some effort.
The gnoll hits you from afar with a +2 vampiric halberd!
* * * LOW HITPOINT WARNING * * *
The gnoll shaman hits you with a +0 whip.
* * * LOW HITPOINT WARNING * * *
The gnoll hits you from afar with a +0 spear.
You die...

##### ...#
#####.############
+................#
#####.######.....# #.#
#....(# #.# #.....#
#####'## #.....#
.......# #####@#
......<# #g# .......#
#...ggg.# .......#
#..........
.......#####............
##.........###.###.....#
#.........# #.#####_###
#.........# #.# #.... #
+.........# #.. ......


You could see a gnoll shaman (poisoned) and 3 gnolls.

Vanquished Creatures
  Natasha (thrice) (D:3)
  2 orc wizards (D:3)
  2 gnolls (D:3)
  4 adders
  2 worms (D:3)
  2 dart slugs
  3 leopard geckos
  10 orcs (D:3)
  2 ball pythons (D:3)
  3 bats
  2 giant cockroaches (D:1)
  6 goblins
  6 hobgoblins
  10 jackals
  5 kobolds
  A quokka (D:2)
  4 frilled lizards
  5 rats
72 creatures vanquished.

Notes
Turn   | Place    | Note
-------+----------+-------------------------------------------
     0 | D:1      | MajorAdolf the Naga Wanderer began the quest for the Orb.
     0 | D:1      | MajorAdolf set off with the following items: a +2 dagger, a
                  | potion of haste, a +0 ring mail, a wand of random effects
                  | (15), a ration
     0 | D:1      | Reached XP level 1. HP: 21/21 MP: 1/1
   194 | D:1      | Reached skill level 1 in Short Blades
   313 | D:1      | Reached XP level 2. HP: 28/28 MP: 2/2
  1351 | D:2      | Reached skill level 4 in Stealth
  1425 | D:2      | Reached XP level 3. HP: 25/34 MP: 3/3
  2569 | D:3      | Reached XP level 4. HP: 40/42 MP: 4/4
  2656 | D:3      | Reached skill level 5 in Stealth
  3112 | D:3      | Reached XP level 5. HP: 29/49 MP: 5/5
  3131 | D:3      | Reached skill level 6 in Stealth
  3885 | D:3      | Noticed Natasha
  3893 | D:3      | Killed Natasha
  4052 | D:3      | Noticed Natasha
  4064 | D:3      | Killed Natasha
  4267 | D:3      | Reached XP level 6. HP: 56/56 MP: 6/6
  4481 | D:3      | Noticed Natasha
  4496 | D:3      | Killed Natasha
  4496 | D:3      | Reached skill level 7 in Stealth
  4627 | D:4      | Found a shattered altar of Ashenzari.
  4632 | D:4      | Slain by a gnoll

Illustrated notes

Levels and vault maps discovered:
D:1:      saegor_arrival_simple_c, layout_loops_ring, minmay_tetromino_o4
D:2:      layout_loops_ring
D:3:      layout_loops_corners, hangedman_feature_mirror, uniq_natasha
D:4:      layout_basic, cheibrodos_ashenzari_chains, serial_shops, shop,
          uniq_grinder

Skill      XL: |  1  2  3  4  5  6 |
---------------+-------------------+-----
Short Blades   | 1 2 3 4 |  4.1
Stealth        | 4 5 6 7 |  7.1
Fighting       | |  3.0
Long Blades    | |  1.0
Armour         | |  2.4
Evocations     | |  1.0

Action                   |  1- 3 |  4- 6 || total
-------------------------+-------+-------++-------
Melee: Dagger            |    96 |   143 ||   239
 Abil: Spit Poison       |    13 |    18 ||    31
Evoke: Wand              |       |     1 ||     1
 Stab: Sleeping          |     1 |     2 ||     3
  Eat: Chunk             |     4 |     6 ||    10
Armor: Robe              |    10 |    30 ||    40
       Skin              |     2 |       ||     2
Dodge: Dodged            |    40 |    72 ||   112
